 Dungeon Crawl Stone Soup version 0.28.0 (webtiles) character file.

Game seed: 1540169186147603622

368 mkm the Firebug (level 6, -3/32 HPs)
             Began as a Gargoyle Fire Elementalist on Feb 11, 2022.
             Slain by a gnoll (9 damage)
             ... on level 5 of the Dungeon.
             The game lasted 00:13:38 (4803 turns).

mkm the Firebug (Gargoyle Fire Elementalist)        Turns: 4803, Time: 00:13:38

Health: -3/32      AC:  8    Str: 11    XL:     6   Next: 69%
Magic:  5/11       EV: 11    Int: 18    God:
Gold:   113        SH:  0    Dex: 10    Spells: 9/12 levels left

rFire   . . .      SeeInvis .   m - +4 long sword "Dragon's Tongue" {vorpal, rCorr}
rCold   . . .      Faith    .   (no shield)
rNeg    + . .      Spirit   .   a - +0 robe
rPois   ∞          Reflect  .   (no helmet)
rElec   +          Harm     .   j - +1 cloak
rCorr   +          Rampage  .   (no gloves)
Will    .....                   (no boots)
Stlth   +.........              (no amulet)
HPRegen 0.10/turn               (no ring)
MPRegen 0.12/turn               (no ring)

@: lit by a corona, attractive, glowing
A: sickness immunity, AC +4, negative energy resistance 1, electricity
resistance, torment resistance 1, petrification resistance
a: no special abilities


You were on level 5 of the Dungeon.
You visited 2 branches of the dungeon, and saw 7 of its levels.

You collected 113 gold pieces.

Inventory:

Hand Weapons
 b - a +0 spear
 m - the +4 long sword "Dragon's Tongue" (weapon) {vorpal, rCorr}
   (You found it on level 4 of the Dungeon)

   It inflicts extra damage upon your enemies.
   rCorr:     It protects you from acid and corrosion.
Armour
 a - a +0 robe (worn)
 j - a +1 cloak (worn)
Scrolls
 f - a scroll of amnesia
Potions
 c - a potion of curing
 d - a potion of might
 e - 2 potions of attraction
 g - a potion of flight {unknown}
 h - 2 potions of heal wounds {unknown}


   Skills:
 - Level 1.5 Dodging
 - Level 2.1 Stealth
 + Level 3.9 Spellcasting
 + Level 4.2 Conjurations
 + Level 4.8 Fire Magic


You had 9 spell levels left.
You knew the following spells:

 Your Spells              Type           Power      Damage    Failure   Level
a - Foxfire               Conj/Fire      76%        2x1d7     2%          1
b - Scorch                Fire           42%        2d7       3%          2

Your spell library contained the following spells:

 Spells                   Type           Power      Damage    Failure   Level
 Conjure Flame            Conj/Fire      19%        6-21      7%          3
 Animate Skeleton         Necr           6%         N/A       16%         1
 Apportation              Tloc           6%         N/A       16%         1
 Summon Small Mammal      Summ           12%        N/A       16%         1
 Inner Flame              Hex/Fire       12%        N/A       17%         3
 Corpse Rot               Necr/Air       6%         N/A       22%         2
 Flame Wave               Conj/Fire      19%        2d6       22%         4
 Dispel Undead            Necr           3%         3d7       83%         4
 Death Channel            Necr           1%         N/A       100%        6


Dungeon Overview and Level Annotations

Branches:
Dungeon (6/15)             Temple (1/1) D:4

Altars:
Ashenzari
Cheibriados
Dithmenos
Elyvilon
Fedhas
Gozag
Hepliaklqana
Kikubaaqudgha
Makhleb
Nemelex Xobeh
Okawaru
Qazlal
Ru
Sif Muna
Trog
Uskayaw
Wu Jian
Xom
Yredelemnul
Zin
The Shining One

Shops:
D:5 [

Annotations:
D:6 Grinder


Innate Abilities, Weirdness & Mutations

You are immune to sickness and miasma.
Your stone body is resilient. (AC +4)
You are immune to poison.
You resist negative energy. (rN+)
You are resistant to electric shocks. (rElec)
You are resistant to unholy torment.
You are immune to petrification.


Message History

You are outlined in light.
Casting: Foxfire (safe; 2% risk of failure)
Confirm with . or Enter, or press ? or * to list all spells.
You conjure some foxfire!
The foxfire hits the gnoll shaman.
The gnoll shaman is moderately wounded.
The foxfire hits the gnoll shaman.
The gnoll shaman is heavily wounded.
A gnoll comes into view.
It is wielding a +0 halberd and quivering poisoned darts.
Casting: Foxfire (safe; 2% risk of failure)
Confirm with . or Enter, or press ? or * to list all spells.
You conjure some foxfire!
The foxfire hits the gnoll.
The gnoll is moderately wounded.
The foxfire hits the gnoll shaman.
The gnoll shaman is heavily wounded.
The gnoll throws a poisoned dart.
The poisoned dart hits you! The gnoll shaman completely misses you.
Casting: Foxfire (safe; 2% risk of failure)
Confirm with . or Enter, or press ? or * to list all spells.
You conjure some foxfire!
The gnoll barely misses you.
The gnoll shaman hits you but does no damage.
The foxfire hits the gnoll.
The gnoll is severely wounded.
The foxfire hits the gnoll shaman but does no damage.
The gnoll shaman is heavily wounded.
A gnoll comes into view. It is wielding a +0 flail.
The gnoll hits you from afar with a +0 halberd!
* * * LOW HITPOINT WARNING * * *
The gnoll shaman hits you but does no damage.
The gnoll hits you with a +0 halberd.
* * * LOW HITPOINT WARNING * * *
A gnoll comes into view. It is wielding a +0 spear.
The gnoll shaman closely misses you.
The gnoll shouts!
It was a potion of attraction.
You feel attractive to monsters.
The gnoll shouts!
The gnoll hits you but does no damage. The gnoll hits you with a +0 halberd!
You die...

.....#..,,,∩,,**,****,,,,,,,,,,,,
.....#.#**....##g#*,.,...,,,,,,,,
.......# **...##.#*.#....,,,,,,,,
.#.).#.# *#...#.##.#..(,,,,*,,,*
.<..#.Z# #...#......#,,,*,*,,,*
.#.###.# #...#......,*,**,*****
.#..#..#####...#.##.#*,*,,,,* *,,
.#.#.#.#.......g....#*,***,,***,,
.........†..=..g@...#*,* *,,,,,,,
#....###[........g>##*,* *,****,,
#.#### #####...#.###**,* *,* *,,
#.# #...#...,,,<* *,* *** #.#
#...#####**** *,* ** #.# #...#
***,* *, ..# ##.## ****,,,* ***,
..# #.#******,,,,,,* *,,, ..#
#####*#.#*,,,,,,,*,*,***,**


You could see a gnoll shaman and 3 gnolls.

Vanquished Creatures
  A black bear (D:5)
  A scorpion (D:4)
  A howler monkey (D:3)
  A bullfrog zombie (D:5)
  A hound (D:5)
  A bullfrog skeleton (D:4)
  A human zombie (D:5)
  2 adders (D:3)
  An ufetubus (D:4)
  An adder skeleton (D:4)
  A worm (D:2)
  A dart slug (D:3)
  An orc (D:5)
  5 endoplasms
  3 giant cockroaches (D:1)
  3 goblins
  3 hobgoblins
  5 quokkas
  6 ball pythons
  5 bats
  2 frilled lizards (D:1)
  A jackal zombie (D:5)
  A rat (D:3)
48 creatures vanquished.

Vanquished Creatures (collateral kills)
  3 foxfires (D:1)
3 creatures vanquished.

Vanquished Creatures (others)
  127 foxfires
  8 fungi (D:4)
  2 plants (D:1)
137 creatures vanquished.

Grand Total: 188 creatures vanquished

Notes
Turn   | Place    | Note
-------+----------+-------------------------------------------
     0 | D:1      | mkm the Gargoyle Fire Elementalist began the quest for the
                  | Orb.
     0 | D:1      | Reached XP level 1. HP: 10/10 MP: 3/3
   301 | D:1      | Reached XP level 2. HP: 15/15 MP: 0/5
   365 | D:1      | Learned a level 2 spell: Scorch
   536 | D:1      | Found a faded altar of an unknown god.
  1485 | D:2      | Reached XP level 3. HP: 19/19 MP: 3/6
  2401 | D:3      | Found a snail-covered altar of Cheibriados.
  2553 | D:3      | Reached XP level 4. HP: 24/24 MP: 3/8
  3105 | D:4      | Identified the +4 long sword "Dragon's Tongue" {vorpal,
                  | rCorr}
  3145 | D:4      | Reached XP level 5. HP: 17/28 MP: 3/9
  3315 | D:4      | Found a staircase to the Ecumenical Temple.
  3322 | Temple   | Entered the Ecumenical Temple
  4564 | D:5      | Entered Level 5 of the Dungeon
  4643 | D:5      | Found Jabaull's Antique Armour Boutique.
  4672 | D:5      | Reached XP level 6. HP: 32/32 MP: 4/11
  4723 | D:5      | Noticed a black bear
  4739 | D:5      | Killed a black bear
  4757 | D:6      | Noticed Grinder
  4803 | D:5      | Slain by a gnoll

Illustrated notes

Levels and vault maps discovered:
D:1:      sevenhm_arrival_forest_fort_large_2, layout_basic,
          nicolae_ecumenical_snake_handling, serial_forest,
          infiniplex_forest_3_way, infiniplex_forest_end_3,
          infiniplex_forest_end_1, infiniplex_forest_clump_diagonal,
          infiniplex_forest_end_2, infiniplex_forest_straight_5,
          infiniplex_forest_lined_room_2, hex_medium
D:2:      layout_basic
D:3:      layout_loops_cross, slow_altar_1, minmay_misc_feat_pillars,
          skrybe_limestone_x, uniq_crazy_yiuf_cottage
D:4:      layout_loops_ring, temple_green, serial_aquarium,
          aquarium_bridge_square [aquarium_subvault_window,
          aquarium_subvault_wall, aquarium_subvault_wall,
          aquarium_subvault_bridge], aquarium_bridge_square
          [aquarium_subvault_balcony, aquarium_subvault_wall,
          aquarium_subvault_bridge, aquarium_subvault_bridge],
          aquarium_window_1, aquarium_window_1, aquarium_window_1,
          aquarium_window_1, aquarium_view_2e, aquarium_view_2f,
          aquarium_balcony_3b
D:5:      layout_loops_cross, enter_ossuary_3, serial_shops, shop
D:6:      layout_rooms, cheibrodos_sewer_entry_drain, uniq_menkaure, uniq_pikel,
          uniq_grinder
Temple:   mainiacjoe_temple_big_plus

Skill      XL: |  1  2  3  4  5  6 |
---------------+-------------------+-----
Conjurations   | 2 3 4 |  4.2
Spellcasting   | 3 |  3.9
Fire Magic     | 4 |  4.8
Dodging        | |  1.5
Stealth        | |  2.1

Action                   |  1- 3 |  4- 6 || total
-------------------------+-------+-------++-------
Melee: Spear             |     8 |    10 ||    18
 Cast: Foxfire           |    39 |    33 ||    72
       Scorch            |    15 |    11 ||    26
  Use: Scroll            |       |     7 ||     7
       Potion            |       |     1 ||     1
Armor: Robe              |     3 |    27 ||    30
Dodge: Dodged            |    12 |    25 ||    37
